 Dungeon Crawl Stone Soup version 0.27-a0-1325-g58a489ad9e (webtiles) character file.

Game seed: 12463644010485710873

7513 ipx the Destroyer (level 10, -15/50 HPs)
             Began as a Deep Elf Fire Elementalist on June 24, 2021.
             Was a Believer of Sif Muna.
             Demolished by a boulder beetle (26 damage)
             ... on level 10 of the Dungeon on June 25, 2021.
             The game lasted 01:08:17 (4392 turns).

ipx the Destroyer (Deep Elf Fire Elementalist)      Turns: 4392, Time: 01:08:17

Health: -15/50     AC:  7    Str:  8    XL:     10   Next: 95%
Magic:  21/24      EV: 14    Int: 24    God:    Sif Muna [**....]
Gold:   146        SH:  0    Dex: 15    Spells: 3/25 levels left

rFire    + . .     SeeInvis .   a - +0 dagger
rCold    . . .     Faith    .   (no shield)
rNeg     + . .     Spirit   .   o - +3 leather armour of the Clam {Rampage Str+3}
rPois    .         Reflect  .   (no helmet)
rElec    .         Harm     .   u - +0 cloak
rCorr    .         Rampage  +   (no gloves)
Will     +....                  (no boots)
Stlth    +++.......             J - amulet of magic regeneration
HPRegen  0.16/turn              e - ring of positive energy
MPRegen  0.44/turn              f - ring of protection from fire

@: no status effects
A: no striking features
a: Renounce Religion, Channel Magic


You were on level 10 of the Dungeon.
You worshipped Sif Muna.
Sif Muna was pleased with you.
You visited 2 branches of the dungeon, and saw 11 of its levels.

You collected 338 gold pieces.
You spent 192 gold pieces at shops.

Inventory:

Hand Weapons
 a - a +0 dagger (weapon)
Missiles
 s - 2 throwing nets
Armour
 o - the +3 leather armour of the Clam (worn) {Rampage Str+3}
   (You found it on level 6 of the Dungeon)

   It affects your strength (+3).
   It bestows one free step when moving towards enemies.
 u - a +0 cloak (worn)
 y - the +2 robe of Birdsong {Regen+ Str+3 Slay-2}
   (You found it on level 10 of the Dungeon)

   It affects your strength (+3).
   It affects your accuracy and damage with ranged weapons and melee attacks
   (-2).
   It increases your rate of health regeneration.
Jewellery
 e - a ring of positive energy (left hand)
 f - a ring of protection from fire (right hand)
 J - an amulet of magic regeneration (around neck)
 X - an amulet of reflection
Wands
 h - a wand of flame (20)
 l - a wand of paralysis (6)
 q - a wand of polymorph (2)
 t - a wand of digging (9)
Scrolls
 b - 2 scrolls of fog
 c - 3 scrolls of enchant armour
 g - a scroll of immolation
 i - a scroll of torment
 k - 2 scrolls of vulnerability
 n - a scroll of blinking
 r - a scroll of enchant weapon
 w - a scroll of acquirement
 x - a scroll of teleportation {unknown}
Potions
 d - 2 potions of might
 j - a potion of degeneration {unknown}
 m - a potion of ambrosia
 p - a potion of resistance
 v - a potion of berserk rage {unknown}
 z - a potion of heal wounds
 A - a potion of flight {unknown}
 B - a potion of attraction {unknown}


   Skills:
 - Level 4.0 Short Blades
 + Level 6.9 Dodging
 + Level 6.0 Stealth
 - Level 8.0 Spellcasting
 - Level 10.0 Conjurations
 - Level 10.0 Hexes
 - Level 5.0 Fire Magic
 - Level 2.0 Ice Magic
 + Level 3.1 Invocations
 - Level 5.0 Evocations


You had 3 spell levels left.
You knew the following spells:

 Your Spells              Type           Power      Damage    Failure   Level
c - Conjure Flame         Conj/Fire      45%        6-21      1%          3
e - Ensorcelled Hibernat  Hex/Ice        76%        N/A       1%          2
o - Ozocubu's Armour      Ice            19%        N/A       12%         3
p - Fulminant Prism       Conj/Hex       27%        3d14      1%          4
q - Confusing Touch       Hex            55%        N/A       1%          3
t - Sticky Flame          Conj/Fire      45%        2d6       4%          4
x - Foxfire               Conj/Fire      100%       2x1d9     1%          1
y - Searing Ray           Conj           100%       3d7       1%          2

Your spell library contained the following spells:

 Spells                   Type           Power      Damage    Failure   Level
 Corona                   Hex            61%        N/A       1%          1
 Magic Dart               Conj           100%       1d8       1%          1
 Slow                     Hex            55%        N/A       1%          2
 Dazzling Flash           Conj/Hex       100%       N/A       1%          3
 Inner Flame              Hex/Fire       45%        N/A       1%          3
 Tukima's Dance           Hex            55%        N/A       1%          3
 Freeze                   Ice            76%        1d9       4%          1
 Mephitic Cloud           Conj/Pois/Air  25%        N/A       8%          3
 Beastly Appendage        Tmut           18%        N/A       10%         1
 Frozen Ramparts          Ice            38%        1d5       12%         3
 Blink                    Tloc           N/A        N/A       14%         2
 Call Imp                 Summ           9%         N/A       14%         2
 Wereblood                Tmut           9%         N/A       14%         2
 Gell's Gravitas          Tloc           4%         N/A       28%         3
 Spider Form              Tmut/Pois      4%         N/A       28%         3
 Hailstorm                Conj/Ice       38%        3d9       8%          4
 Iskenderun's Mystic Bla  Conj/Tloc      33%        2d8       12%         4
 Fireball                 Conj/Fire      22%        3d10      12%         5
 Metabolic Englaciation   Hex/Ice        19%        N/A       22%         5
 Yara's Violent Unravell  Hex/Tmut       16%        3d8       32%         5
 Freezing Cloud           Conj/Ice/Air   14%        6-21      45%         5
 Ice Form                 Ice/Tmut       14%        N/A       52%         4
 Summon Ice Beast         Ice/Summ       14%        N/A       52%         4
 Petrify                  Tmut/Erth      9%         N/A       67%         4
 Simulacrum               Ice/Necr       7%         N/A       100%        6
 Ozocubu's Refrigeration  Ice            9%         4d6       100%        7


Dungeon Overview and Level Annotations

Branches:
Dungeon (10/15)            Temple (1/1) D:7            Lair (0/6) D:9
    Orc: D:9-12

Altars:
Dithmenos
Fedhas
Gozag
Hepliaklqana
Kikubaaqudgha
Nemelex Xobeh
Okawaru
Sif Muna
Trog
Wu Jian
Xom
Yredelemnul
Zin
The Shining One

Shops:
D:8 *

Annotations:
D:6 1 runed translucent door, semitonal's ghost, novice DrTm
D:8 3 runed translucent doors, Gastronok
D:10 1 transporter


Message History

Aim: a boulder beetle (chance to affect: 49%)
The boulder beetle resists with some effort.
Casting: Ensorcelled Hibernation (safe; 1% risk of failure)
Confirm with . or Enter, or press ? or * to list all spells.
Aiming: Ensorcelled Hibernation (safe; 1% risk of failure)
Press: ? - help, Shift-Dir - straight line, f/p - boulder beetle
Aim: a boulder beetle (chance to affect: 49%)
The boulder beetle resists with some effort.
The boulder beetle curls into a ball and begins rolling!
Casting: Ensorcelled Hibernation (safe; 1% risk of failure)
Confirm with . or Enter, or press ? or * to list all spells.
Aiming: Ensorcelled Hibernation (safe; 1% risk of failure)
Press: ? - help, Shift-Dir - straight line, f/p - boulder beetle
Aim: a boulder beetle (rolling, chance to affect: 49%)
The boulder beetle looks drowsy...
The boulder beetle hits you!
The boulder beetle stops rolling and uncurls.
Aiming: Paralyse
Press: ? - help, Shift-Dir - straight line, f/p - boulder beetle
Aim: a boulder beetle (chance to affect: 43%)
The boulder beetle resists with some effort.
The boulder beetle bites you.
Aiming: Paralyse
Press: ? - help, Shift-Dir - straight line, f/p - boulder beetle
Aim: a boulder beetle (chance to affect: 43%)
The boulder beetle resists with some effort.
The boulder beetle bites you!!
* * * LOW HITPOINT WARNING * * *
Casting: Ensorcelled Hibernation (safe; 1% risk of failure)
Confirm with . or Enter, or press ? or * to list all spells.
Aiming: Ensorcelled Hibernation (safe; 1% risk of failure)
Press: ? - help, Shift-Dir - straight line, f - you, p - boulder beetle
Okay, then.
Aiming: Paralyse
Press: ? - help, Shift-Dir - straight line, f/p - boulder beetle
Aim: a boulder beetle (chance to affect: 43%)
The boulder beetle resists with some effort.
The boulder beetle bites you!!
Ouch! That really hurt!
You die...

....##...#..©..##..# #.###.#
#.....#..©..##..###.....#
....##...########..........#
#.. #.###.[©..##..........#
#.# #.#.#.##.....<.##.# #.#
#.#.#.#........##.# #.#
#.#.#.#........##.# #.#
##.B.##........##.# #.#
8#@#8#........# .# #.#
###≈###........# .# #.#
#.#8#..........##.# #.#
#.###.............# #.#
#...#..........)..# #.#
#..##.............
#.###..##..........###
#......##..........#
##......##..........#


You could see a boulder beetle.

Vanquished Creatures
  A two-headed ogre (D:9)
  Maurice (D:8)
  2 trolls
  Grinder (D:6)
  Prince Ribbit (D:6)
  A wyvern (D:10)
  6 yaks (D:10)
  A wraith (D:8)
  Grum (D:8)
  A steam dragon (D:7)
  Menkaure (D:6)
  A water moccasin (D:7)
  Duvessa (D:6)
  3 ice beasts
  An orc warrior (D:10)
  A black bear (D:5)
  4 wolves (D:8)
  6 ogres
  5 centaurs
  2 phantoms
  4 bullfrogs
  A gnoll sergeant (D:7)
  Dowan (D:6)
  A wyvern zombie (D:8)
  2 scorpions (D:6)
  19 killer bees
  4 wights (D:9)
  4 jellies
  3 centaur zombies
  2 orc priests (D:9)
  5 iguanas
  A scorpion zombie (D:5)
  2 orc wizards
  2 hound skeletons (D:5)
  A howler monkey zombie (D:7)
  3 adders
  9 gnolls
  An ufetubus (D:6)
  An adder zombie (D:5)
  A worm (D:3)
  A dart slug (D:2)
  12 orcs
  8 endoplasms
  6 giant cockroaches
  4 hobgoblins
  8 jackals
  2 quokkas
  6 ball pythons
  2 frilled lizards (D:1)
  6 goblins
  3 kobolds
  5 rats
171 creatures vanquished.

Vanquished Creatures (others)
  367 foxfires
  13 fulminant prisms
  3 fungi (D:9)
  2 plants (D:9)
385 creatures vanquished.

Grand Total: 556 creatures vanquished

Notes
Turn   | Place    | Note
-------+----------+-------------------------------------------
     0 | D:1      | ipx the Deep Elf Fire Elementalist began the quest for the
                  | Orb.
     0 | D:1      | Reached XP level 1. HP: 10/10 MP: 6/6
   185 | D:1      | Reached XP level 2. HP: 12/15 MP: 1/8
   643 | D:2      | Reached XP level 3. HP: 19/19 MP: 6/9
   753 | D:3      | Found an opulent altar of Gozag.
   778 | D:3      | Found an ancient bone altar of Kikubaaqudgha.
   805 | D:3      | Learned a level 2 spell: Searing Ray
   846 | D:3      | Found a faded altar of an unknown god.
   924 | D:4      | Reached XP level 4. HP: 24/24 MP: 5/10
  1030 | D:4      | Noticed a phantom
  1067 | D:4      | Killed a phantom
  1068 | D:4      | Reached XP level 5. HP: 28/28 MP: 4/11
  1176 | D:4      | Learned a level 3 spell: Conjure Flame
  1230 | D:5      | Entered Level 5 of the Dungeon
  1230 | D:5      | Noticed an ogre
  1230 | D:5      | Noticed a black bear
  1239 | D:5      | Killed a black bear
  1240 | D:5      | Reached XP level 6. HP: 32/32 MP: 8/14
  1278 | D:5      | Reached skill level 5 in Conjurations
  1382 | D:4      | Reached skill level 5 in Fire Magic
  1396 | D:4      | Learned a level 2 spell: Ensorcelled Hibernation
  1404 | D:4      | Reached skill level 5 in Spellcasting
  1514 | D:5      | Found a glowing golden altar of the Shining One.
  1566 | D:5      | Reached skill level 1 in Hexes
  1566 | D:5      | Reached XP level 7. HP: 36/36 MP: 9/16
  1744 | D:5      | Reached skill level 1 in Ice Magic
  2052 | D:6      | Noticed Menkaure
  2057 | D:6      | Killed Menkaure
  2058 | D:6      | Reached XP level 8. HP: 24/41 MP: 12/17
  2059 | D:6      | Noticed Grinder
  2068 | D:6      | Killed Grinder
  2069 | D:6      | Reached skill level 5 in Hexes
  2076 | D:6      | Learned a level 4 spell: Sticky Flame
  2085 | D:6      | Found a shimmering altar of Xom.
  2191 | D:6      | Noticed Dowan
  2212 | D:6      | Noticed Duvessa
  2259 | D:6      | Killed Duvessa
  2260 | D:6      | Reached skill level 1 in Short Blades
  2276 | D:6      | Killed Dowan
  2377 | D:6      | Noticed Prince Ribbit
  2383 | D:6      | Killed Prince Ribbit
  2384 | D:6      | Reached skill level 5 in Stealth
  2416 | D:6      | Found a runed translucent door.
  2421 | D:6      | Noticed semitonal's ghost (novice DrTm)
  2650 | D:7      | Found a sparkling altar of Nemelex Xobeh.
  2650 | D:7      | Found an ornate altar of the Wu Jian Council.
  2706 | D:7      | HP: 1/41 [poisoned by a killer bee]
  2764 | D:7      | Reached XP level 9. HP: 24/45 MP: 17/21
  2941 | D:7      | Found a staircase to the Ecumenical Temple.
  2950 | Temple   | Entered the Ecumenical Temple
  2956 | Temple   | Became a worshipper of Sif Muna the Loreminder
  2993 | D:6      | Identified the +3 leather armour of the Clam {Rampage
                  | Str+3}
  3047 | D:6      | Reached skill level 5 in Dodging
  3113 | D:7      | Learned a level 3 spell: Confusing Touch
  3122 | D:8      | Found Xaustru's General Store.
  3150 | D:8      | Bought a scroll of identify for 24 gold pieces
  3150 | D:8      | Bought a scroll of fear for 42 gold pieces
  3150 | D:8      | Bought a scroll of enchant armour for 90 gold pieces
  3150 | D:8      | Bought a potion of curing for 36 gold pieces
  3204 | D:8      | Noticed Grum
  3257 | D:8      | Noticed Maurice
  3275 | D:8      | Learned a level 4 spell: Fulminant Prism
  3295 | D:8      | Killed Grum
  3352 | D:9      | HP: 1/45 [centaur/arrow (7)]
  3355 | D:9      | Noticed a troll
  3357 | D:9      | Noticed a two-headed ogre
  3411 | D:8      | Reached skill level 1 in Evocations
  3411 | D:8      | Reached XP level 10. HP: 12/50 MP: 24/24
  3462 | D:8      | Found a runed translucent gate.
  3462 | D:8      | Found a runed translucent gate.
  3462 | D:8      | Found a runed translucent gate.
  3463 | D:8      | Noticed a glowing orange brain
  3465 | D:8      | Noticed a white ugly thing
  3466 | D:8      | Noticed a cyan ugly thing
  3466 | D:8      | Noticed a red ugly thing
  3467 | D:8      | Noticed a red ugly thing
  3530 | D:8      | Killed Maurice
  3627 | D:9      | Reached * piety under Sif Muna
  3637 | D:10     | Entered Level 10 of the Dungeon
  3777 | D:10     | Learned a level 3 spell: Ozocubu's Armour
  3922 | D:8      | Noticed Gastronok
  4102 | D:9      | Killed a two-headed ogre
  4103 | D:9      | Reached skill level 10 in Conjurations
  4176 | D:9      | Found a staircase to the Lair.
  4266 | D:10     | Identified a scroll of acquirement
  4271 | D:10     | Identified the +2 robe of Birdsong {Regen+ Str+3 Slay-2}
  4293 | D:10     | Found a transporter.
  4303 | D:10     | Reached skill level 5 in Evocations
  4309 | D:10     | Reached skill level 10 in Hexes
  4323 | D:10     | Reached ** piety under Sif Muna
  4330 | D:10     | Found a transporter.
  4331 | D:10     | Noticed a boulder beetle
  4392 | D:10     | Demolished by a boulder beetle

Illustrated notes

Levels and vault maps discovered:
D:1:      roderic_octagonal_star, layout_basic, serial_shops,
          nicolae_lakefront_shop, minmay_bisected
D:2:      layout_basic, minmay_indecisive_spiral
D:3:      layout_basic, lemuel_round_altar, nicolae_overflow_crystal_walls,
          shapermc_ecumenical_altar_totnotflames
D:4:      layout_basic
D:5:      layout_loops_corners, tso_metal_star
D:6:      layout_basic, dk_xom_monty_hall, ebering_ghost_reflecting_pool,
          uniq_prince_ribbit1, uniq_grinder, uniq_menkaure, uniq_duvessa
D:7:      layout_basic, gammafunk_temple_overflow_elements,
          minmay_temple_entry_statues_pillars, minmay_misc_feat_diagonals,
          minmay_holes
D:8:      layout_gridville, ploomutoo_gammafunk_ghost_potion_laboratory,
          minmay_misc_feat_hallway, grunt_ogre_cave, minmay_shop_grid_forest,
          uniq_gastronok, uniq_grum, uniq_maurice
D:9:      layout_cave_pools, kennysheep_mini_moat, dpeg_oklobed_lair
D:10:     gammafunk_boulding_lane, layout_long_grid,
          nicolae_qazlal_eye_of_the_storm, erik_orc_3
Temple:   eino_narrow_crystal_temple

Skill      XL: |  1  2  3  4  5  6  7  8  9 10 |
---------------+-------------------------------+-----
Conjurations   | 2 3 4 5 7 8 9 10 | 10.0
Stealth        | 3 4 5 6 |  6.0
Fire Magic     | 4 5 |  5.0
Spellcasting   | 4 5 7 8 |  8.0
Hexes          | 1 4 5 7 10 | 10.0
Ice Magic      | 2 |  2.0
Short Blades   | 2 4 |  4.0
Dodging        | 3 6 |  6.9
Evocations     | 1 5 |  5.0
Invocations    | 3 |  3.1

Action                   |  1- 3 |  4- 6 |  7- 9 | 10-12 || total
-------------------------+-------+-------+-------+-------++-------
Melee: Dagger            |       |       |     7 |     6 ||    13
Throw: Dart              |       |       |    14 |       ||    14
 Cast: Foxfire           |    60 |    38 |    84 |    42 ||   224
       Searing Ray       |     2 |     6 |    34 |    10 ||    52
       Conjure Flame     |       |     1 |    11 |     2 ||    14
       Sticky Flame      |       |       |    15 |     9 ||    24
       Ensorcelled Hiber |       |       |     7 |    16 ||    23
       Fulminant Prism   |       |       |     4 |     9 ||    13
       Ozocubu's Armour  |       |       |       |     1 ||     1
Evoke: Wand              |       |       |       |     3 ||     3
  Use: Potion            |       |       |     5 |       ||     5
       Scroll            |       |       |    10 |     3 ||    13
 Stab: Sleeping          |       |       |     3 |     6 ||     9
Armor: Robe              |       |       |     4 |       ||     4
       Leather armour    |       |       |     3 |     5 ||     8
       Troll leather arm |       |       |       |     3 ||     3
Dodge: Dodged            |     2 |     2 |    32 |    18 ||    54

Table legend: (Time is in decaauts)
 A = Elapsed time spent in this place.
 B = Non-inter-level travel time spent in this place.
 C = Inter-level travel time spent in this place.
 D = Time resting spent in this place.
 E = Time spent auto-exploring this place.
 F = Levels seen in this place.
 G = Mean time per level.
                   A        B        C        D        E       F      G
               +--------+--------+--------+--------+--------+-----+--------+
         Total |   4424 |   4369 |     55 |      0 |      0 |  11 |  402.2 |
       Dungeon |   4411 |   4356 |     55 |      0 |      0 |  10 |  441.1 |
        Temple |     12 |     12 |      0 |      0 |      0 |   1 |   12.0 |
               +--------+--------+--------+--------+--------+-----+--------+

Top non-repeatable levels by time:
     D:6: 624 daAuts
     D:8: 528 daAuts
     D:7: 518 daAuts
     D:5: 516 daAuts
    D:10: 467 daAuts
     D:4: 455 daAuts
     D:1: 358 daAuts
     D:2: 346 daAuts
     D:9: 321 daAuts
     D:3: 273 daAuts
  Temple: 12 daAuts
